 Dungeon Crawl Stone Soup version 0.17.0-24-gcfadda4 (webtiles) character file.

29809 trolloc1 the Nimble (level 13, -5/117 HPs)
             Began as a Minotaur Berserker on Nov 16, 2015.
             Was a High Priest of Trog.
             Slain by a death yak (10 damage)
             ... on level 5 of the Lair of Beasts.
             The game lasted 01:08:04 (17628 turns).

trolloc1 the Nimble (Minotaur Berserker)           Turns: 17628, Time: 01:08:05

Health: -5/117     AC: 12    Str: 21    XL:     13   Next: 17%
Magic:  12/12      EV: 14    Int:  8    God:    Trog [*****.]
Gold:   1132       SH: 31    Dex: 16    Spells: 0 memorised, 12 levels left

rFire  . . .     SeeInvis .     O - +4 eveningstar
rCold  . . .     Clarity  .     A - +2 ring mail of Eternity {Str-3 Int+4 Dex+3}
rNeg   + . .     SustAt   .     r - +18 shield of the gong {rElec rN+ MR+ EV-5}
rPois  .         Gourm    .     S - +2 hat
rElec  +         Spirit   .     (no cloak)
rCorr  .         Warding  .     m - +0 pair of gloves
rMut   +         Stasis   .     (no boots)
MR     +++..                    s - amulet of resist mutation
Stlth  +.........               o - ring of protection from magic
                                f - ring of protection from magic

@: very slightly contaminated, hasted, very quick, extremely resistant to
hostile enchantments, very unstealthy
A: retaliatory headbutt, horns 2
a: Berserk, Trog's Hand, Brothers in Arms, Burn Spellbooks, Renounce Religion


You were on level 5 of the Lair of Beasts.
You worshipped Trog.
Trog was extremely pleased with you.
You were not hungry.

You visited 2 branches of the dungeon, and saw 17 of its levels.
You also visited: Sewer.

You collected 1132 gold pieces.

Inventory:

Hand Weapons
 h - the +9 quarterstaff of Pelyrul {holy, -Tele *Noise +Rage Str+8}
   (You found it on level 5 of the Dungeon)

   It has been blessed by the Shining One to cause great damage to the undead
   and demons.
   It affects your strength (+8).
   It lets you go berserk.
   It may make noises in combat.
   It prevents most forms of teleportation.
 O - a +4 eveningstar (weapon)
Armour
 m - a +0 pair of gloves (worn)
 r - the +18 shield of the gong (worn) {rElec rN+ MR+ EV-5}
   (You found it on level 6 of the Dungeon)

   It affects your evasion (-5).
   It insulates you from electricity.
   It protects you from negative energy.
   It affects your resistance to hostile enchantments.
 A - the +2 ring mail of Eternity (worn) {Str-3 Int+4 Dex+3}
   (You found it on level 5 of the Dungeon)

   It affects your strength (-3).
   It affects your intelligence (+4).
   It affects your dexterity (+3).
 S - a +2 hat (worn)
Jewellery
 f - a ring of protection from magic (left hand)
 o - a ring of protection from magic (right hand)
 p - an uncursed ring of ice
 s - an amulet of resist mutation (around neck)
Wands
 a - a wand of frost (11)
 C - a wand of polymorph (15)
 J - a wand of fireball (8)
Scrolls
 i - 2 scrolls of recharging
 j - 3 scrolls of enchant weapon
 q - 9 scrolls of teleportation
 u - 8 scrolls of identify
 w - 5 scrolls of blinking
 y - 7 scrolls of enchant armour
 E - a scroll of remove curse
Potions
 d - 3 potions of haste
 e - 3 potions of brilliance
 g - 10 potions of curing
 n - a potion of flight
 v - 6 potions of heal wounds
 x - 2 potions of agility
 H - a potion of might
Miscellaneous
 z - a plain deck of summoning {the Illusion}
 D - a phantom mirror
 F - a legendary deck of changes {the Alchemist, drawn: 1}
Comestibles
 b - 8 beef jerkies
 c - 8 bread rations
 k - 3 slices of pizza
 l - a chunk of flesh
 t - 15 fruits
 B - 7 meat rations
 K - a royal jelly


   Skills:
 + Level 11.6 Fighting
 + Level 8.8(10.7) Maces & Flails
   Level 5.7(8.6) Polearms
 + Level 9.9(11.7) Staves
 + Level 9.9 Armour
 + Level 12.7 Dodging
 + Level 11.3 Shields


You had 12 spell levels left.
You didn't know any spells.

Dungeon Overview and Level Annotations

Branches:
Dungeon (12/15)            Temple (0/1) D:6            Lair (5/8) D:8
  Snake (0/4) Lair:4          Orc (0/4) D:12
  Swamp: Lair:3-6    Shoals: Lair:3-6

Altars:
Ashenzari
Dithmenos
Kikubaaqudgha
Nemelex Xobeh
Xom


Innate Abilities, Weirdness & Mutations

You reflexively headbutt those who attack you in melee.
You have a pair of horns on your head.


Message History

You feel yourself speed up. You block the death yak's attack.
SHROANNG!
The death yak misses you. You block the death yak's attack.
GONNNNG!
The death yak gores you but does no damage.
The porcupine twitches its whiskers.
The porcupine bites the plant!
You block the death yak's attack.
PTOANNNG!
You block the death yak's attack.
GONNNNG!
You hear a croak.
You hear an angry growl.
You hear a croak.
You hear a roar!
You are very lightly contaminated with residual magic.
You puncture the death yak! You headbutt the death yak.
The death yak is heavily wounded.
You block the death yak's attack.
GONNNNG!
You block the death yak's attack.
GONNNNG!
The death yak gores you!
You die...

.... ....
..... .....
....#
#####....#
..####PY#...#
.....rY@Y...#
......YYY..##
#.........#.#
............#
.....P.##..##
....... ###
.......
.......


You could see 6 death yaks and a porcupine.

Vanquished Creatures
  Gastronok (Lair:2)
  Maud (Lair:4)
  The ghost of gw the Grappler, a journeyman DDMo of Yredelemnul (Lair:3)
  Erolcha (D:12)
  3 hydras
  Fannar (D:10)
  A centaur warrior (D:12)
  3 hill giants
  A torpor snail (Lair:4)
  10 black mambas
  11 spiny frogs
  3 komodo dragons
  2 trolls
  Prince Ribbit (D:5)
  2 two-headed ogres
  6 yaks
  Sigmund (D:2)
  A shadow (D:12)
  2 deep elf magi
  2 wyverns
  3 hungry ghosts
  A mottled dragon (D:11)
  A steam dragon (D:9)
  5 wolves (Lair:4)
  5 hippogriffs
  5 porcupines
  13 water moccasins
  2 ice beasts (D:12)
  2 wasps
  A necrophage (D:11)
  4 ogres
  4 orc warriors
  8 centaurs
  4 phantoms
  9 big kobolds
  Blork the orc (D:6)
  3 crocodiles
  9 giant frogs
  A wyvern skeleton (D:12)
  6 killer bees
  5 scorpions
  8 wights
  The ghost of ecbois the Skirmisher, a weakling FoAK of Lugonu (D:3)
  8 hounds
  A giant frog zombie (D:5)
  A quasit (D:11)
  5 crimson imps
  3 orc priests
  2 jellies
  5 orc wizards
  2 centaur skeletons
  2 giant frog skeletons
  8 iguanas
  9 worker ants
  A killer bee zombie (D:7)
  8 sheep (Lair:4)
  A hound zombie (D:9)
  2 hound skeletons
  2 worker ant zombies
  16 adders
  26 river rats
  7 gnolls
  4 shadow imps
  3 oozes
  An adder skeleton (D:4)
  An adder zombie (D:7)
  3 worms
  A giant gecko (D:6)
  33 orcs
  2 ball pythons
  13 bats
  10 giant cockroaches
  5 goblins
  3 hobgoblins
  17 jackals
  35 kobolds
  A giant gecko skeleton (D:7)
  2 giant gecko zombies
  8 giant newts
  A jackal skeleton (D:6)
  6 quokkas
  A quokka zombie (D:5)
  8 rats
422 creatures vanquished.

Vanquished Creatures (collateral kills)
  2 centaurs (D:12)
2 creatures vanquished.

Vanquished Creatures (others)
  An unseen horror (D:12)
  8 fungi (Lair:4)
  2 plants
11 creatures vanquished.

Grand Total: 435 creatures vanquished

Notes
Turn   | Place    | Note
--------------------------------------------------------------
     0 | D:1      | trolloc1 the Minotaur Berserker began the quest for the Orb.
     0 | D:1      | Reached XP level 1. HP: 19/19 MP: 0/0
   155 | D:1      | Reached skill level 4 in Maces & Flails
   178 | D:1      | Reached XP level 2. HP: 27/27 MP: 1/1
   659 | D:2      | Reached ** piety under Trog
   666 | D:2      | Noticed Sigmund
   672 | D:2      | Killed Sigmund
   672 | D:2      | Reached skill level 5 in Fighting
   672 | D:2      | Reached skill level 5 in Maces & Flails
   672 | D:2      | Reached XP level 3. HP: 36/36 MP: 2/2
   672 | D:2      | Reached XP level 4. HP: 42/42 MP: 3/3
   672 | D:2      | Reached XP level 5. HP: 48/48 MP: 4/4
   686 | D:2      | Found a shimmering altar of Xom.
  1314 | D:3      | Noticed ecbois's ghost (weakling FoAK)
  1327 | D:3      | Killed ecbois's ghost
  1627 | D:3      | Reached XP level 6. HP: 56/56 MP: 5/5
  1906 | D:3      | Found a shattered altar of Ashenzari.
  1952 | D:3      | Reached *** piety under Trog
  2464 | D:4      | Found a glowing drain.
  2516 | Sewer    | Entered a sewer
  2546 | Sewer    | Reached skill level 6 in Maces & Flails
  2616 | Sewer    | Reached XP level 7. HP: 62/62 MP: 6/6
  2786 | Sewer    | Reached skill level 5 in Dodging
  2791 | Sewer    | Reached **** piety under Trog
  2899 | D:4      | Found a sparkling altar of Nemelex Xobeh.
  3152 | D:5      | Entered Level 5 of the Dungeon
  3209 | D:5      | Got a spiked ring mail
  3219 | D:5      | Reached skill level 5 in Armour
  3443 | D:5      | Identified the +2 ring mail of Eternity {Str-3 Int+4 Dex+3} (You found it on level 5 of the Dungeon)
  3479 | D:5      | Noticed Prince Ribbit
  3492 | D:5      | Killed Prince Ribbit
  3492 | D:5      | Reached skill level 7 in Maces & Flails
  3492 | D:5      | Reached XP level 8. HP: 27/71 MP: 7/7
  4158 | D:5      | Got a shimmering quarterstaff
  4167 | D:5      | Identified the +9 quarterstaff of Pelyrul {holy, -Tele *Noise +Rage Str+8} (You found it on level 5 of the Dungeon)
  4636 | D:6      | Noticed Blork the orc
  4645 | D:6      | Killed Blork the orc
  4951 | D:6      | Reached skill level 1 in Polearms
  5286 | D:6      | Reached XP level 9. HP: 43/79 MP: 8/8
  5567 | D:6      | Found a shadowy altar of Dithmenos.
  5599 | D:6      | Found a staircase to the Ecumenical Temple.
  5987 | D:7      | Reached skill level 1 in Staves
  6757 | D:7      | Reached skill level 8 in Dodging
  6781 | D:8      | Reached ***** piety under Trog
  6832 | D:8      | Received a gift from Trog
  7104 | D:8      | Found a staircase to the Lair.
  7421 | D:8      | Found an ancient bone altar of Kikubaaqudgha.
  8016 | D:9      | Reached XP level 10. HP: 80/90 MP: 9/9
  8046 | D:9      | Reached skill level 5 in Staves
  8153 | D:9      | Received a gift from Trog
  8156 | D:9      | Reached skill level 9 in Dodging
  8156 | D:9      | Reached skill level 5 in Shields
  8881 | D:10     | Entered Level 10 of the Dungeon
  8931 | D:10     | Noticed Fannar
  8960 | D:10     | Noticed a hill giant
  8998 | D:9      | Killed a hill giant
  9290 | D:10     | Killed Fannar
  9983 | D:11     | Noticed a hill giant
  9990 | D:11     | Killed a hill giant
  9990 | D:11     | Reached skill level 10 in Dodging
 10047 | D:11     | Reached XP level 11. HP: 58/97 MP: 10/10
 10236 | D:11     | Reached skill level 5 in Polearms
 10353 | D:11     | Noticed a hill giant
 10361 | D:11     | Killed a hill giant
 10862 | D:11     | Received a gift from Trog
 11015 | D:11     | Noticed a six-headed hydra
 11027 | D:11     | Killed a six-headed hydra
 11211 | D:12     | Noticed a centaur warrior
 11215 | D:12     | Killed an unseen horror
 11419 | D:12     | Killed a centaur warrior
 11490 | D:12     | Reached skill level 10 in Shields
 11508 | D:12     | Reached skill level 11 in Dodging
 11525 | D:12     | Noticed Erolcha
 11531 | D:12     | Killed Erolcha
 12013 | D:12     | Found a staircase to the Orcish Mines.
 12284 | Lair:1   | Entered Level 1 of the Lair of Beasts
 12871 | Lair:1   | Reached XP level 12. HP: 88/106 MP: 11/11
 13001 | Lair:1   | Reached skill level 10 in Fighting
 13451 | Lair:2   | Received a gift from Trog
 13894 | Lair:2   | Noticed Gastronok
 13909 | Lair:2   | Killed Gastronok
 14651 | Lair:3   | Noticed gw's ghost (journeyman DDMo)
 14678 | Lair:3   | Killed gw's ghost
 15097 | Lair:3   | Noticed an eight-headed hydra
 15105 | Lair:3   | Killed an eight-headed hydra
 15105 | Lair:3   | Reached skill level 12 in Dodging
 15801 | Lair:4   | Found a staircase to the Snake Pit.
 16760 | Lair:4   | Noticed Maud
 16773 | Lair:4   | Reached XP level 13. HP: 74/116 MP: 12/12
 16781 | Lair:4   | Killed Maud
 17284 | Lair:4   | Found a runed door.
 17537 | Lair:4   | Noticed an eight-headed hydra
 17543 | Lair:4   | Killed an eight-headed hydra
 17626 | Lair:5   | HP: 5/117 [death yak (24)]
 17628 | Lair:5   | Slain by a death yak

Action                   |  1- 3 |  4- 6 |  7- 9 | 10-12 | 13-15 || total
-------------------------+-------+-------+-------+-------+-------++-------
Melee: Mace              |    48 |    64 |    90 |       |       ||   202
       Hand axe          |       |    38 |       |       |       ||    38
       Trident           |       |       |   113 |   323 |       ||   436
       Quarterstaff      |       |       |   149 |   284 |     8 ||   441
       Eveningstar       |       |       |       |   109 |    69 ||   178
Invok: Berserk           |     1 |     4 |     7 |     9 |     1 ||    22
       Trog's Hand       |       |     1 |       |     3 |       ||     4
       Burn Spellbooks   |       |       |     1 |     2 |       ||     3
       Brothers in Arms  |       |       |       |     2 |       ||     2
Evoke: Deck              |       |       |       |     1 |       ||     1
  Use: Scroll            |       |     5 |    14 |     2 |     8 ||    29
       Potion            |       |       |     1 |     2 |     1 ||     4
 Stab: Sleeping          |       |       |       |     1 |       ||     1
       Distracted        |       |       |       |       |     1 ||     1
  Eat: Chunk             |       |    11 |    21 |    32 |     3 ||    67
       Royal jelly       |       |       |     2 |       |       ||     2
       Fruit             |       |       |     1 |     9 |     2 ||    12
       Bread ration      |       |       |     1 |       |       ||     1
       Pizza             |       |       |     1 |       |       ||     1
       Beef jerky        |       |       |       |     1 |       ||     1
